 Dungeon Crawl Stone Soup version 0.19.0-2-gae57169 (webtiles) character file.

88 FalseHopesOfSkazka the Ducker (level 4, -1/44 HPs)
             Began as a Troll Fighter on Nov 6, 2016.
             Killed by divine providence
             ... invoked by an orc priest
              (12 damage)
             ... on level 3 of the Dungeon.
             The game lasted 00:10:44 (1768 turns).

FalseHopesOfSkazka the Ducker (Troll Fighter)       Turns: 1768, Time: 00:10:44

Health: -1/44      AC:  5    Str: 24    XL:     4   Next: 29%
Magic:  3/3        EV: 10    Int:  4    God:
Gold:   166        SH:  0    Dex: 10    Spells: 0 memorised, 3 levels left

rFire  . . .     SeeInvis .       - Unarmed
rCold  . . .     Gourm    +     a - +0 robe
rNeg   . . .     Faith    .     (no shield)
rPois  .         Spirit   .     (helmet restricted)
rElec  .         Reflect  .     (no cloak)
rCorr  .         Harm     .     (gloves unavailable)
MR     +....                    (boots unavailable)
Stlth  +.........               (no amulet)
                                (no ring)
                                n - ring of protection from magic

@: no status effects
A: unfitting armour, claws 3, fast metabolism 3, gourmand, regeneration 1,
shaggy fur 1, tough skin 2
a: no special abilities


You were on level 3 of the Dungeon.
You were hungry.

You visited 1 branch of the dungeon, and saw 3 of its levels.

You collected 166 gold pieces.

Inventory:

Missiles
 g - 81 stones (quivered)
Armour
 a - a +0 robe (worn)
 b - a +0 shield
Jewellery
 n - a ring of protection from magic (left claw)
Scrolls
 e - 2 scrolls of identify {unknown}
 h - a scroll of recharging {unknown}
 i - a scroll of magic mapping {unknown}
 j - 2 scrolls of noise {unknown}
 m - 2 scrolls of remove curse {unknown}
Potions
 c - a potion of might
 l - a potion of lignification {unknown}
 o - a potion of resistance {unknown}
Comestibles
 d - 3 bread rations
 k - 2 meat rations
 p - a slice of pizza


   Skills:
 + Level 2.9 Fighting
 + Level 3.0 Dodging
 + Level 2.8 Shields
 + Level 2.9 Unarmed Combat


You had 3 spell levels left.
You didn't know any spells.

Dungeon Overview and Level Annotations

Branches:
Dungeon (3/15)

Altars:
Dithmenos
Okawaru


Innate Abilities, Weirdness & Mutations

You are too large for most types of armour.
You have claws for hands.
Your metabolism is lightning-fast.
You like to eat raw meat.
Your natural rate of healing is unusually fast.
You are covered in fur. (AC +1)
You have very tough skin. (AC +2)


Message History

You are too injured to fight recklessly!
You are too injured to fight recklessly!
You are too injured to fight recklessly!
You are too injured to fight recklessly!
You closely miss the orc priest.
The orc priest is heavily wounded.
The orc hits you with a club.
* * * LOW HITPOINT WARNING * * *
The orc hits you but does no damage. The orc hits you with a club.
* * * LOW HITPOINT WARNING * * *
The orc priest barely misses you.
You claw the orc!
You kill the orc!
The orc barely misses you.
The orc priest looks braver for a moment.
Things that are here:
a flail; an orc corpse The orc priest calls down the wrath of Beogh upon you.
Beogh smites you!
You die...

..<.[... # ##..# ..
....#.######...#####.
.......[.............
....#.###....#.####..
......###.####.#
##..#....####.####.#
............>....$.#
###.#..######..###..
.......@o)o...#
##...#.##...###
#...##..>.### #..#
#..### ... #.. #. #.
##


You could see an orc priest and an orc.

Vanquished Creatures
  4 adders
  A worm (D:2)
  A dart slug (D:2)
  A leopard gecko (D:2)
  An orc (D:3)
  3 giant cockroaches
  3 goblins
  4 hobgoblins
  4 jackals (D:1)
  8 kobolds
  6 bats
  3 frilled lizards
  7 rats
46 creatures vanquished.

Notes
Turn   | Place    | Note
-------+----------+-------------------------------------------
     0 | D:1      | FalseHopesOfSkazka the Troll Fighter began the quest for the Orb.
     0 | D:1      | Reached XP level 1. HP: 22/22 MP: 0/0
   430 | D:1      | Reached XP level 2. HP: 29/29 MP: 1/1
   745 | D:2      | Found a shadowy altar of Dithmenos.
   754 | D:2      | Reached XP level 3. HP: 36/36 MP: 2/2
   983 | D:2      | Found an iron altar of Okawaru.
  1667 | D:3      | Reached XP level 4. HP: 42/44 MP: 3/3
  1737 | D:3      | Reached skill level 3 in Dodging
  1768 | D:3      | Killed from afar by an orc priest

Skill      XL: |  1  2  3  4 |
---------------+-------------+-----
Dodging        | 3 |  3.0
Fighting       | |  2.9
Shields        | |  2.8
Unarmed Combat | |  2.9

Action                   |  1- 3 |  4- 6 || total
-------------------------+-------+-------++-------
Melee: Unarmed           |   103 |    33 ||   136
       Punch             |     1 |       ||     1
  Eat: Chunk             |    10 |     1 ||    11
       Pizza             |     1 |       ||     1
Armor: Robe              |    39 |    13 ||    52
Dodge: Dodged            |    61 |    20 ||    81
